 Dungeon Crawl Stone Soup version 0.29-a0-275-g389c0b56f3 (webtiles) character file.

Game seed: 11457241782432004117

1432 Formlaus the Poker (level 8, -3/56 (69) HPs)
             Began as a Red Draconian Berserker on Mar 12, 2022.
             Was a Priest of Trog.
             Slain by Duvessa
             ... wielding a +2 rapier of draining
              (6 damage)
             ... on level 6 of the Dungeon.
             The game lasted 00:35:17 (6203 turns).

Formlaus the Poker (Red Draconian Berserker)        Turns: 6203, Time: 00:35:17

HP:   -3/56 (69)    AC:  6    Str: 21    XL:     8   Next: 45%
MP:   8/8           EV: 15    Int:  7    God:    Trog [***...]
Gold: 781           SH:  5    Dex: 18    Spells: 7/7 levels left

rFire   + . .      SeeInvis .   a - +3 spear (vamp)
rCold   . . .      Faith    .   (no shield)
rNeg    . . .      Spirit   .   (body armour unavailable)
rPois   .          Reflect  +   (helmet restricted)
rElec   .          Harm     .   (no cloak)
rCorr   .          Rampage  .   (no gloves)
Will    .....                   (no boots)
Stlth   ++........              n - amulet of reflection
HPRegen 0.18/turn               b - +6 ring of dexterity
MPRegen 0.11/turn               (no ring)

@: heavily drained
A: breathe fire, AC +6, unfitting armour, fire resistance 1, cold-blooded
a: Breathe Fire, Renounce Religion, Berserk, Trog's Hand


You were on level 6 of the Dungeon.
You worshipped Trog.
Trog was most pleased with you.
You visited 1 branch of the dungeon, and saw 6 of its levels.

You collected 886 gold pieces.
You spent 105 gold pieces at shops.

Inventory:

Hand Weapons
 a - a +3 vampiric spear (weapon)
Missiles
 f - a throwing net (quivered)
Jewellery
 b - a +6 ring of dexterity (left hand)
 n - an amulet of reflection (around neck)
Wands
 c - a wand of polymorph (2)
Scrolls
 d - a scroll of vulnerability
 i - a scroll of enchant armour
 j - a scroll of noise
Potions
 e - a potion of mutation {unknown}
 g - 2 potions of curing


   Skills:
 + Level 5.5 Fighting
 + Level 7.6 Polearms
 + Level 5.7 Dodging
 + Level 1.2 Stealth
 + Level 2.9 Shields
 + Level 0.2 Unarmed Combat
 + Level 0.2 Evocations


You had 7 spell levels left.
You didn't know any spells.
Your spell library contained the following spells:

 Spells                   Type           Power      Damage    Failure   Level
 Summon Ice Beast         Ice/Summ       0%         N/A       99%         4
 Summon Mana Viper        Hex/Summ       0%         N/A       100%        5
 Monstrous Menagerie      Summ           0%         N/A       100%        7


Dungeon Overview and Level Annotations

Branches:
Dungeon (6/15)             Temple (0/1) D:5

Altars:
Gozag
Kikubaaqudgha
Uskayaw
Vehumet
Xom
Zin

Shops:
D:3 ==**[   D:4 [   D:5 (   D:6 **

Annotations:
D:6 Dowan, Duvessa


Innate Abilities, Weirdness & Mutations

You can breathe blasts of fire.
Your fiery red scales are hard. (AC +6)
You cannot fit into any form of body armour.
Your flesh is heat resistant. (rF+)
You are cold-blooded and may be slowed by cold attacks.


Message History

Duvessa drinks a potion.
Duvessa seems to speed up.
A hound comes into view.
The hound moves out of view.
Dowan, Brother of Duvessa comes into view.
He is wielding a +0 dagger.
The hound barks!
You hear a shout!
Dowan says, "My weaknesses are her strengths!"
Duvessa attacks as you move away! You block Duvessa's attack.
Duvessa closely misses you. Duvessa attacks as you move away!
Duvessa hits you but does no damage.
You feel drained. Duvessa misses you. You block Duvessa's attack.
Duvessa attacks as you move away!
Duvessa hits you with a +2 rapier of draining!
You feel drained. The orc attacks as you move away!
The orc completely misses you. The orc hits you with a +0 flail.
Duvessa misses you. Duvessa attacks as you move away!
Duvessa hits you with a +2 rapier of draining!
You feel drained. The orc attacks as you move away! The orc misses you.
You block the orc's attack.
Duvessa hits you with a +2 rapier of draining.
You feel drained. Duvessa attacks as you move away!
Duvessa hits you with a +2 rapier of draining!
You feel drained.
Dowan gestures wildly while chanting.
Dowan blinks!
You hit the orc. You tail-slap the orc.
You kill the orc!
Trog accepts your kill.
You hit Duvessa but do no damage.
Duvessa says, "Where magic fails, the sword succeeds!"
Duvessa hits you with a +2 rapier of draining!
You feel drained.
* * * LOW HITPOINT WARNING * * *
You hit Duvessa but do no damage.
Duvessa hits you with a +2 rapier of draining!
* * * LOW HITPOINT WARNING * * *
You feel drained.
You die...

##. ###..#.##.# ###...#....).
.####.......# #...!...####
#......##.#### #.#......#
....8...8.# #.#.o.#..#
..........#######.#......####
..#...<........##..o.........
#.#........###.##.........###
...8...∩...8#.##o#.......#
..............@eo..##.#.....
###.#....>....##he....##.##.
...###.......####....# .# ###
#8...8### #...## . ###...#
#..## . #)### #... #)# ##.##
#.# .. ####.####


You could see Duvessa (fast), Dowan, a hound, an orc wizard and 2 orcs.

Vanquished Creatures
  Pikel (D:6)
  A water moccasin (D:6)
  An orc warrior (D:6)
  A black bear (D:6)
  An ogre (D:3)
  The ghost of mora the Sneak, an amateur OpBr of Dithmenos (D:3)
  A scorpion (D:4)
  3 hounds
  2 orc priests (D:5)
  An iguana (D:5)
  4 orc wizards
  Ijyb (D:5)
  5 adders
  A shadow imp (D:6)
  2 worms
  2 dart slugs
  16 orcs
  7 ball pythons
  6 bats
  5 endoplasms
  4 giant cockroaches
  6 goblins
  11 hobgoblins
  5 jackals (D:2)
  4 quokkas
  3 training dummies (D:5)
  5 frilled lizards
  3 kobolds
  4 rats
107 creatures vanquished.

Vanquished Creatures (others)
  An orc wizard (D:5)
  4 toadstools (D:1)
5 creatures vanquished.

Grand Total: 112 creatures vanquished

Notes
Turn   | Place    | Note
-------+----------+-------------------------------------------
     0 | D:1      | Formlaus the Draconian Berserker began the quest for the
                  | Orb.
     0 | D:1      | Reached XP level 1. HP: 19/19 MP: 1/1
   405 | D:1      | Reached XP level 2. HP: 16/26 MP: 2/2
  1378 | D:1      | Identified 2 scrolls of acquirement
  1378 | D:1      | Acquired 643 gold pieces
  1379 | D:1      | Acquired a +6 ring of dexterity
  1422 | D:2      | Reached XP level 3. HP: 29/33 MP: 3/3
  1958 | D:2      | Found a shimmering altar of Xom.
  2257 | D:2      | Reached ** piety under Trog
  2458 | D:3      | Found Jauss's Jewellery Boutique.
  2473 | D:3      | Reached XP level 4. HP: 40/40 MP: 4/4
  2506 | D:3      | Reached skill level 4 in Polearms
  2718 | D:3      | Found Efunlidd's Jewellery Boutique.
  2773 | D:3      | Found Zawameni's Assorted Antiques.
  2815 | D:3      | Found a faded altar of an unknown god.
  2836 | D:3      | Found Buinon's General Store.
  2846 | D:3      | Found Jaos's Armour Shoppe.
  2894 | D:3      | Noticed an ogre
  2901 | D:3      | Killed an ogre
  2902 | D:3      | Reached skill level 1 in Shields
  2902 | D:3      | Reached XP level 5. HP: 46/46 MP: 5/5
  2906 | D:3      | Found a glowing silver altar of Zin.
  2928 | D:3      | Found a radiant altar of Vehumet.
  3051 | D:3      | Found an ancient bone altar of Kikubaaqudgha.
  3081 | D:3      | Reached skill level 5 in Polearms
  3322 | D:3      | Found a hide-covered altar of Uskayaw.
  3372 | D:3      | Found a runed translucent gate.
  3372 | D:3      | Found a runed translucent gate.
  3373 | D:3      | Found a runed translucent gate.
  3383 | D:3      | Reached *** piety under Trog
  3411 | D:3      | Noticed mora's ghost (amateur OpBr)
  3428 | D:3      | Killed mora's ghost
  3429 | D:3      | Reached XP level 6. HP: 42/53 MP: 6/6
  3552 | D:4      | Found Qukoest's Armour Shoppe.
  3650 | D:4      | Found a shimmering altar of Xom.
  4181 | D:5      | Entered Level 5 of the Dungeon
  4201 | D:5      | Found a staircase to the Ecumenical Temple.
  4345 | D:5      | Reached skill level 1 in Stealth
  4496 | D:5      | Noticed Ijyb
  4596 | D:5      | Found Loruer's Firing Range.
  4603 | D:5      | Killed Ijyb
  4698 | D:5      | Reached skill level 6 in Polearms
  4698 | D:5      | Your scales start taking on a fiery red colour.
  4698 | D:5      | Reached XP level 7. HP: 28/60 MP: 7/7
  4698 | D:5      | Gained mutation: Your flesh is heat resistant. (rF+) [Red
                  | Draconian growth]
  5073 | D:5      | Found an opulent altar of Gozag.
  5661 | D:6      | Noticed Pikel
  5707 | D:6      | Killed Pikel
  5708 | D:6      | Reached skill level 5 in Fighting
  5708 | D:6      | Reached skill level 7 in Polearms
  5708 | D:6      | Reached skill level 5 in Dodging
  5708 | D:6      | Reached XP level 8. HP: 38/68 MP: 8/8
  5913 | D:6      | Found Oguo's Assorted Antiques.
  6065 | D:6      | Found Diymil's General Store.
  6078 | D:6      | Bought a scroll of enchant weapon for 105 gold pieces
  6186 | D:6      | Noticed Duvessa
  6188 | D:6      | Noticed Dowan
  6203 | D:6      | Slain by Duvessa

Illustrated notes

Levels and vault maps discovered:
D:1:      ldierk_walled_garden_2, layout_basic
D:2:      layout_loops_corners, basic_altar
D:3:      layout_rooms, mainiacjoe_overflow_cross_hatched,
          nicolae_uskayaw_suspiria, mainiacjoe_overflow_swirl,
          hellmonk_ecumenical_altar_pennies_from_heaven,
          ebering_ghost_rock_garden, serial_curves, eino_curves_02,
          eino_curves_04, serial_shops, shop, nicolae_shop_crystal, shop_statue,
          nicolae_shop_window_shopping, shop
D:4:      layout_basic, xom_butterflies, serial_shops, nicolae_stop_n_shop_1
D:5:      layout_loops_ring, mainiacjoe_overflow_tiny_flanked,
          minmay_temple_entry_arrows, wad_floor_pattern_untrapped,
          nicolae_shop_firing_range, uniq_ijyb
D:6:      layout_loops_cross, serial_shops, nicolae_shop_statue_plus,
          nicolae_stop_n_shop_1, shop, nicolae_shop_advertising_works
          [nicolae_subvault_shop_adworks], uniq_duvessa, uniq_pikel,
          uniq_sigmund

Skill      XL: |  1  2  3  4  5  6  7 |
---------------+----------------------+-----
Dodging        | 3 4 5 |  5.7
Polearms       | 4 5 6 7 |  7.6
Fighting       | 4 5 |  5.5
Shields        | 1 2 |  2.9
Stealth        | 1 |  1.2
Unarmed Combat | |  0.2
Evocations     | |  0.2

Action                   |  1- 3 |  4- 6 |  7- 9 || total
-------------------------+-------+-------+-------++-------
Melee: Spear             |   153 |   255 |   178 ||   586
       Tailslap          |    13 |    29 |    29 ||    71
       Punch             |     2 |     3 |     1 ||     6
       Unarmed           |       |     4 |       ||     4
Evoke: Wand              |       |       |     1 ||     1
  Use: Scroll            |     6 |     1 |     6 ||    13
       Potion            |     3 |     4 |     1 ||     8
Armor: Skin              |    42 |    76 |    26 ||   144
Dodge: Dodged            |   102 |   119 |    61 ||   282
Block: Other             |    20 |    43 |    35 ||    98
       Reflection        |       |     1 |       ||     1

Table legend: (Time is in decaauts)
 A = Elapsed time spent in this place.
 B = Non-inter-level travel time spent in this place.
 C = Inter-level travel time spent in this place.
 D = Time resting spent in this place.
 E = Time spent auto-exploring this place.
 F = Levels seen in this place.
 G = Mean time per level.
                   A        B        C        D        E       F      G
               +--------+--------+--------+--------+--------+-----+--------+
         Total |   6120 |   6044 |     76 |   1045 |   2578 |   6 | 1020.0 |
       Dungeon |   6120 |   6044 |     76 |   1045 |   2578 |   6 | 1020.0 |
               +--------+--------+--------+--------+--------+-----+--------+

Top non-repeatable levels by time:
     D:5: 1445 daAuts
     D:1: 1388 daAuts
     D:3: 1079 daAuts
     D:2: 1060 daAuts
     D:4: 622 daAuts
     D:6: 524 daAuts
